 Dungeon Crawl Stone Soup version 0.21-a0-529-g8c7b3f5 (webtiles) character file.

340 slep the Chopper (level 6, -3/31 HPs)
             Began as a Vine Stalker Gladiator on Dec 10, 2017.
             Slain by an orc warrior
             ... wielding a +0 battleaxe
              (6 damage)
             ... on level 4 of the Dungeon.
             The game lasted 00:09:11 (1821 turns).

slep the Chopper (Vine Stalker Gladiator)           Turns: 1821, Time: 00:09:11

Health: -3/31      AC:  6    Str: 17    XL:     6   Next: 56%
Magic:  0/7        EV: 13    Int:  9    God:
Gold:   150        SH:  0    Dex: 16    Spells: 5/5 levels left

rFire    . . .     SeeInvis .   a - +0 war axe
rCold    . . .     Gourm    .   (no shield)
rNeg     . . .     Faith    .   b - +0 leather armour
rPois    .         Spirit   +   c - +0 helmet
rElec    .         Reflect  .   (no cloak)
rCorr    .         Harm     .   (no gloves)
MR       .....                  h - +1 pair of boots
Stlth    ++........             (no amulet)
HPRegen  0.50/turn              p - +3 ring of slaying
MPRegen  0.10/turn              (no ring)

@: no status effects
A: fangs 2, regeneration 1, magic shield, antimagic bite, no potion heal 3, rot
immunity
a: no special abilities


You were on level 4 of the Dungeon.
You were not hungry.

You visited 1 branch of the dungeon, and saw 4 of its levels.

You collected 150 gold pieces.

Inventory:

Hand Weapons
 a - a +0 war axe (weapon)
 o - a +0 blowgun
Missiles
 d - 2 throwing nets (quivered)
 r - 17 poisoned needles
Armour
 b - a +0 leather armour (worn)
 c - a +0 helmet (worn)
 h - a +1 pair of boots (worn)
Jewellery
 p - a +3 ring of slaying (left hand)
Scrolls
 e - 4 scrolls of teleportation {unknown}
 g - 3 scrolls of identify {unknown}
 i - a scroll of fog {unknown}
 j - 2 scrolls of remove curse {unknown}
 k - a scroll of random uselessness {unknown}
 l - a scroll of enchant weapon {unknown}
 q - a scroll of magic mapping {unknown}
Potions
 m - a potion of heal wounds {unknown}
 n - 3 potions of curing {unknown}
Comestibles
 f - 2 bread rations
 s - 2 chunks of flesh


   Skills:
 + Level 2.3 Fighting
 + Level 5.3 Axes
 + Level 2.0 Throwing
 + Level 1.2 Armour
 + Level 3.2 Dodging
 + Level 1.1 Stealth


You had 5 spell levels left.
You didn't know any spells.

Dungeon Overview and Level Annotations

Branches:
Dungeon (4/15)
 Temple: D:4-7

Altars:
Dithmenos
Wu Jian

Annotations:
D:3 1 runed door, Grinder


Innate Abilities, Weirdness & Mutations

You have extremely sharp teeth.
Your natural rate of healing is unusually fast.
When hurt, damage is shared between your health and your magic reserves.
Your bite disrupts and absorbs the magic of your enemies.
Potions cannot restore your health.
You are immune to rotting.


Message History

Throwing (i - inventory):
d - 3 throwing nets (quivered)
Press: ? - help, Shift-Dir - straight line, f - orc warrior
Aim: an orc warrior, wielding a battleaxe and wearing a chain mail (moderately wounded)
You throw a throwing net.
The throwing net barely misses the orc warrior.
The throwing net hits the orc wizard.
The orc wizard is caught in the net!
The orc wizard is severely wounded.
The orc warrior hits you with a battleaxe.
You hit the orc warrior but do no damage.
You bite the orc warrior, but do no damage.
The orc warrior is moderately wounded.
The orc wizard struggles against the net.
The orc warrior hits you with a battleaxe!
* * * LOW HITPOINT WARNING * * *
The orc wizard struggles against the net.
You slash the orc warrior!
The orc warrior is severely wounded.
The orc wizard struggles against the net.
The orc warrior hits you with a battleaxe.
You die...

#............
#....o...#..
#.###'####
#.###.#############
#.............oo..#
#.###.###########.#
#<.....#........###
.#.#....#..........#
#..).....@oo.....##.#
#........#.......##.#
#.#.......<......##.#
...##########'######.#
.#. #.# #.# #.# #.#
#.# #.# #.# #.# #.#
#.#


You could see an orc warrior and an orc wizard (caught).

Vanquished Creatures
  Sigmund (D:2)
  A crimson imp (D:2)
  A jelly (D:3)
  A gnoll (D:1)
  2 adders
  2 oozes (D:3)
  3 worms (D:3)
  4 dart slugs
  3 leopard geckos
  3 orcs
  12 bats
  3 giant cockroaches
  7 goblins
  4 hobgoblins
  A quokka (D:2)
  6 frilled lizards
  8 kobolds
  3 rats
65 creatures vanquished.

Notes
Turn   | Place    | Note
-------+----------+-------------------------------------------
     0 | D:1      | slep the Vine Stalker Gladiator began the quest for the Orb.
     0 | D:1      | Reached XP level 1. HP: 11/11 MP: 2/2
    75 | D:1      | Reached XP level 2. HP: 8/15 MP: 1/3
    77 | D:1      | Reached skill level 3 in Axes
   428 | D:1      | Reached XP level 3. HP: 18/18 MP: 4/4
   940 | D:2      | Found a shadowy altar of Dithmenos.
  1072 | D:2      | Reached skill level 4 in Axes
  1072 | D:2      | Gained mutation: Your natural rate of healing is unusually fast. [Vine Stalker growth]
  1072 | D:2      | Reached XP level 4. HP: 16/23 MP: 5/5
  1105 | D:2      | Noticed Sigmund
  1123 | D:2      | Killed Sigmund
  1123 | D:2      | Reached skill level 1 in Armour
  1123 | D:2      | Reached XP level 5. HP: 26/26 MP: 6/6
  1123 | D:2      | Reached XP level 6. HP: 30/30 MP: 7/7
  1155 | D:2      | Reached skill level 5 in Axes
  1207 | D:2      | Found an ornate altar of the Wu Jian Council.
  1574 | D:3      | Noticed Grinder
  1577 | D:3      | Found a runed door.
  1724 | D:3      | Reached skill level 1 in Stealth
  1784 | D:4      | Noticed an orc warrior
  1794 | D:4      | HP: 1/31 [orc warrior/battleaxe (4)]
  1821 | D:4      | Slain by an orc warrior

Vault maps used:
D:1:      nzn_arrival_crosshair, minmay_misc_feat_enclosed, chequers_big_river,
          minmay_split_cup_small
D:2:      lemuel_crystal_altar, lemuel_round_altar, first_bread, minivault_4,
          uniq_sigmund
D:3:      minmay_close_crescents, uniq_grinder, uniq_crazy_yiuf_cottage

Skill      XL: |  1  2  3  4  5  6 |
---------------+-------------------+-----
Axes           | 3 4 5 |  5.3
Throwing       | 2 |  2.0
Fighting       | 2 |  2.3
Armour         | 1 |  1.2
Dodging        | 3 |  3.2
Stealth        | 1 |  1.1

Action                   |  1- 3 |  4- 6 || total
-------------------------+-------+-------++-------
Melee: War axe           |    73 |    64 ||   137
       Bite              |    19 |    23 ||    42
Throw: Throwing net      |       |     1 ||     1
 Stab: Sleeping          |       |     2 ||     2
  Eat: Chunk             |       |     3 ||     3
Armor: Leather armour    |    34 |    16 ||    50
Dodge: Dodged            |    71 |    36 ||   107

Table legend:
 A = Spawn XP
 B = Non-spawn XP
 C = Spawn XP percentage of total XP
 D = Spawn monster count
 E = Non-spawn monster count
 F = Spawn count percentage of total count
 G = Total turns spent on level
                    A         B        C        D         E        F      G
               +---------+---------+-------+---------+---------+-------+---------
         Total |       0 |     487 |   0.0 |       0 |      65 |   0.0 |  1821
               +---------+---------+-------+---------+---------+-------+---------
           D:1 |       0 |      55 |   0.0 |       0 |      24 |   0.0 |   906
           D:2 |       0 |     307 |   0.0 |       0 |      16 |   0.0 |   579
           D:3 |       0 |     102 |   0.0 |       0 |      21 |   0.0 |   253
           D:4 |       0 |      23 |   0.0 |       0 |       4 |   0.0 |    83
               +---------+---------+-------+---------+---------+-------+---------
